 Dungeon Crawl Stone Soup version 0.24-a0-258-gb86c0f735e (webtiles) character file.

Game seed: 14247209405217124181

30247 MrRokkomies the Arsonist (level 13, -7/111 HPs)
             Began as a Deep Elf Fire Elementalist on Apr 17, 2019.
             Was a Priest of Sif Muna.
             Mangled by a komodo dragon (15 damage)
             ... on level 6 of the Lair of Beasts on Apr 19, 2019.
             The game lasted 01:15:18 (22450 turns).

MrRokkomies the Arsonist (DEFE)                    Turns: 22450, Time: 01:15:19

Health: -7/111     AC: 26    Str: 11    XL:     13   Next: 19%
Magic:  19/25      EV:  2    Int: 23    God:    Sif Muna [***...]
Gold:   880        SH:  6    Dex: 20    Spells: 1/25 levels left

rFire    . . .     SeeInvis .   a - +6 short sword
rCold    . . .     Gourm    .   l - +0 buckler
rNeg     + + +     Faith    .   (armour currently unavailable)
rPois    +         Spirit   .   (helmet currently unavailable)
rElec    .         Reflect  .   (cloak currently unavailable)
rCorr    .         Harm     .   (gloves currently unavailable)
MR       +....     NoTele   +   (boots currently unavailable)
Stlth    ++........             g - amulet of the acrobat
HPRegen  0.28/turn              H - -2 ring of intelligence (curse)
MPRegen  0.19/turn              J - +5 ring of dexterity

@: mighty, tree-form, very slightly contaminated, invisible
A: no striking features
a: Divine Energy, Channel Magic, Renounce Religion


You were on level 6 of the Lair of Beasts.
You worshipped Sif Muna.
Sif Muna was most pleased with you.
You were near starving.
You were a tree.
You visited 2 branches of the dungeon, and saw 14 of its levels.
You also visited: Sewer and Volcano.

You collected 880 gold pieces.

Inventory:

Hand Weapons
 a - a +6 short sword (weapon)
 b - a +4 vampiric demon blade
 o - a +2 dagger of draining
 v - a +3 hand crossbow of flaming
Missiles
 s - 53 poisoned needles
Armour
 h - a +1 pair of gloves (melded)
 l - a +0 buckler (worn)
 y - a +1 robe of magic resistance (melded)
 z - a +1 robe of cold resistance
 A - a +1 cloak (melded)
Magical Staves
 i - an uncursed staff of poison
 G - an uncursed staff of cold
Jewellery
 d - an uncursed ring of flight
 g - an amulet of the acrobat (around neck)
 m - a +4 ring of slaying
 t - an uncursed ring of stealth
 B - an uncursed ring of poison resistance
 H - a cursed -2 ring of intelligence (left branch)
 J - a +5 ring of dexterity (right branch)
Wands
 D - a wand of paralysis (6)
 I - a wand of flame (41)
 L - a wand of digging (4)
Scrolls
 p - 4 scrolls of enchant armour
 u - 10 scrolls of identify
 x - 3 scrolls of fog
 C - a scroll of teleportation
 E - a scroll of immolation
 K - a scroll of enchant weapon
Potions
 e - 4 potions of flight
 f - a potion of might
 j - 7 potions of curing
 k - a potion of agility
 q - a potion of mutation
 r - a potion of resistance
 F - a potion of lignification
Miscellaneous
 w - a fan of gales (inert)
Comestibles
 c - 8 rations


   Skills:
 - Level 6.0 Fighting
 - Level 11.0 Dodging
 - Level 2.4 Stealth
 - Level 4.0 Shields
 * Level 6.9 Spellcasting
 - Level 10.0 Conjurations
 - Level 8.0 Charms
 * Level 9.2 Necromancy
 - Level 12.2 Fire Magic
 + Level 7.2 Invocations


You had one spell level left.
You knew the following spells:

 Your Spells              Type           Power        Failure   Level  Hunger
a - Pain                  Necr           ####         1%          1    None
b - Conjure Flame         Conj/Fire      ######..     1%          3    None
c - Iskenderun's Battles  Conj/Chrm      #####...     5%          5    #####..
d - Sticky Flame          Conj/Fire      ######..     1%          4    ###....
e - Throw Flame           Conj/Fire      ######       1%          2    None
f - Fireball              Conj/Fire      ######....   2%          5    #####..
g - Animate Dead          Necr           N/A          1%          4    ###....

Your spell library contained the following spells:

 Spells                   Type           Power        Failure   Level  Hunger
 Animate Skeleton         Necr           N/A          1%          1    None
 Flame Tongue             Conj/Fire      #####        1%          1    None
 Sandblast                Erth           #.....       8%          1    None
 Inner Flame              Hex/Fire       #####...     1%          3    None
 Regeneration             Chrm/Necr      #####.....   1%          3    None
 Vampiric Draining        Necr           ######....   1%          3    None
 Stone Arrow              Conj/Erth      ####..       3%          3    None
 Bolt of Draining         Conj/Necr      ######....   4%          5    #####..
 Passwall                 Tmut/Erth      #.......     12%         2    None
 Recall                   Summ/Tloc      N/A          24%         3    None
 Death Channel            Necr           ######....   26%         6    ######.
 Borgnjor's Vile Clutch   Necr/Erth      ####......   32%         5    #####..
 Petrify                  Tmut/Erth      #.......     61%         4    ###....
 Simulacrum               Ice/Necr       ####......   87%         6    ######.
 Lee's Rapid Deconstruct  Erth           #.........   91%         5    #####..
 Chain Lightning          Conj/Air       ####......   100%        8    #######


Dungeon Overview and Level Annotations

Branches:
Dungeon (8/15)             Temple (0/1) D:7            Lair (6/6) D:8
 Shoals (0/4) Lair:3        Snake (0/4) Lair:2        Slime (0/5) Lair:5

Altars:
Cheibriados
Gozag
Kikubaaqudgha
Sif Muna
Trog
Xom
Yredelemnul
The Shining One

Shops:
D:8 }

Annotations:
D:6 3 runed translucent doors, kr4n3's ghost, novice DrFE


Message History

Aim: a hell hound (steam, lightly wounded, chance to defeat MR: 46%)
The hell hound resists with some effort.
The lindwurm roars!
You hear an angry hiss. x2
The hell hound completely misses you.
The hell hound bites you but does no damage.
The komodo dragon is engulfed in a cloud of scalding steam.
The komodo dragon bites you.
* * * LOW HITPOINT WARNING * * *
A komodo dragon comes into view.
The hell hound bites you but does no damage.
The hell hound barely misses you.
The lindwurm roars!
Evoke which item? (* to show all) (? for menu, Esc to quit)
Aiming: Paralyse
Press: ? - help, Shift-Dir - straight line, f/p - hell hound
Aim: a hell hound (lightly wounded, chance to defeat MR: 46%)
The hell hound suddenly stops moving!
The hippogriff screeches!
The komodo dragon bites you!
You die...

PPP.........#
###.........##
#..........#
##.........#
#.........## .
.P##..........# ..
.........§....# ...
..##.....§...## ....
#
#P.....h7.#####.....
##.....lh.#.#l.h....
#........Dl#.hh.D...
..........lk†###.....
.............## #..
..............#
.......H.......#
................#
................#


You could see a lindwurm (wandering), 2 komodo dragons, a hippogriff
(wandering), a steam dragon, 2 hell hounds and a wyvern (wandering).

Vanquished Creatures
  Kirke (Lair:4)
  Nessos (Lair:4)
  3 hydras
  A catoblepas (Lair:5)
  A wolf spider zombie (D:8)
  2 oklob plants (Lair:1)
  An elephant (D:8)
  3 black mambas
  10 spiny frogs
  A rime drake (Lair:4)
  9 komodo dragons
  16 blink frogs
  9 hippogriffs
  A wyvern (D:8)
  33 yaks
  A basilisk (D:8)
  2 hogs (Lair:4)
  A steam dragon (Lair:3)
  10 water moccasins
  8 porcupines
  2 hell hounds (Lair:6)
  2 sky beasts
  2 black bears
  2 phantoms
  A necrophage (D:7)
  A centaur (D:8)
  6 wolves
  4 ogres
  8 crocodiles
  13 bullfrogs
  A scorpion (D:7)
  6 wights
  3 killer bees (D:8)
  2 howler monkeys
  A vampire bat (D:5)
  A crimson imp (D:6)
  A bullfrog zombie (D:8)
  5 jellies
  2 lava snakes (Lair:4)
  3 hounds
  4 orc priests
  3 orc wizards
  3 bullfrog skeletons
  3 iguanas
  4 hell rats (Lair:4)
  8 worker ants
  A mummy (D:6)
  A worker ant zombie (D:6)
  4 gnolls
  7 adders
  4 river rats (Lair:4)
  3 shadow imps
  5 oozes
  2 adder skeletons
  8 worms
  4 dart slugs
  8 leopard geckos
  38 orcs
  2 ball pythons
  7 giant cockroaches
  10 goblins
  6 hobgoblins
  6 jackals
  7 kobolds
  2 quokkas
  22 bats
  5 frilled lizards
  A jackal skeleton (D:8)
  2 quokka skeletons
  17 rats
  2 plants (Lair:1)
379 creatures vanquished.

Vanquished Creatures (collateral kills)
  A blink frog (Lair:6)
  2 wyverns (Lair:6)
3 creatures vanquished.

Vanquished Creatures (others)
  2 humans (Lair:4)
  2 river rats (Lair:4)
  A frilled lizard (D:4)
  2 rats (Lair:4)
  3 fungi
  A plant (Lair:3)
  A withered plant (D:8)
12 creatures vanquished.

Grand Total: 394 creatures vanquished

Notes
Turn   | Place    | Note
-------+----------+-------------------------------------------
     0 | D:1      | MrRokkomies the Deep Elf Fire Elementalist began the quest
                  | for the Orb.
     0 | D:1      | Reached XP level 1. HP: 10/10 MP: 6/6
   323 | D:1      | Reached XP level 2. HP: 15/15 MP: 5/8
  1167 | D:2      | Reached XP level 3. HP: 19/19 MP: 7/9
  1236 | D:2      | Reached skill level 4 in Fire Magic
  1416 | D:2      | Learned a level 3 spell: Conjure Flame
  1420 | D:2      | Learned a level 3 spell: Inner Flame
  1576 | D:2      | Found an opulent altar of Gozag.
  1576 | D:2      | Found a deep blue altar of Sif Muna.
  1739 | D:2      | Became a worshipper of Sif Muna the Loreminder
  1783 | D:3      | Reached XP level 4. HP: 24/24 MP: 8/11
  1986 | D:3      | Found a glowing drain.
  1998 | Sewer    | Entered a sewer
  2007 | Sewer    | Learned a level 4 spell: Sticky Flame
  2150 | Sewer    | Reached XP level 5. HP: 28/28 MP: 9/13
  2712 | D:3      | Reached * piety under Sif Muna
  2718 | D:3      | Reached skill level 5 in Fire Magic
  3388 | D:4      | Reached XP level 6. HP: 18/32 MP: 6/15
  3535 | D:4      | Found an opulent altar of Gozag.
  3630 | D:4      | Upgraded the game from 0.24-a0-251-g44e327ef01 to
                  | 0.24-a0-254-gf493760c10
  3700 | D:4      | Found a basalt altar of Yredelemnul.
  3936 | D:4      | Found a glowing golden altar of the Shining One.
  4096 | D:4      | Noticed an angel
  4131 | D:5      | Entered Level 5 of the Dungeon
  4178 | D:5      | Reached skill level 5 in Spellcasting
  4182 | D:5      | Learned a level 2 spell: Throw Flame
  4204 | D:5      | Noticed a sky beast
  4304 | D:5      | Killed a sky beast
  4304 | D:5      | Reached skill level 5 in Conjurations
  4304 | D:5      | Reached skill level 6 in Fire Magic
  4613 | D:5      | Reached XP level 7. HP: 14/36 MP: 8/16
  4848 | D:5      | Found a shimmering altar of Xom.
  5104 | D:6      | Reached ** piety under Sif Muna
  5228 | D:5      | Reached skill level 7 in Fire Magic
  5414 | D:6      | Found a snail-covered altar of Cheibriados.
  5788 | D:6      | Reached XP level 8. HP: 41/41 MP: 7/17
  6028 | D:6      | Reached skill level 8 in Fire Magic
  6179 | D:6      | Reached *** piety under Sif Muna
  6480 | D:6      | Found a runed translucent gate.
  6481 | D:6      | Found a runed translucent gate.
  6481 | D:6      | Noticed kr4n3's ghost (novice DrFE)
  6482 | D:6      | Found a runed translucent gate.
  6792 | D:7      | You fall through a shaft!
  6928 | D:7      | Reached skill level 9 in Fire Magic
  6956 | D:7      | Found a staircase to the Ecumenical Temple.
  7175 | D:7      | Reached XP level 9. HP: 45/45 MP: 14/18
  7252 | D:7      | Found a bloodstained altar of Trog.
  7278 | D:7      | Reached **** piety under Sif Muna
  7414 | D:7      | Learned a level 5 spell: Fireball
  7910 | D:8      | Found an ancient bone altar of Kikubaaqudgha.
  7969 | D:8      | Reached skill level 10 in Fire Magic
  8239 | D:8      | Reached skill level 10 in Conjurations
  8316 | D:8      | Noticed an elephant
  8396 | D:8      | Reached skill level 1 in Fighting
  8459 | D:8      | Reached skill level 1 in Shields
  8544 | D:8      | Found Hietull's Gadget Boutique.
  8909 | D:8      | Killed an elephant
  8909 | D:8      | Reached XP level 10. HP: 53/54 MP: 0/19
  9062 | D:8      | Reached skill level 5 in Dodging
  9402 | D:8      | Found a staircase to the Lair.
  9661 | Lair:1   | Entered Level 1 of the Lair of Beasts
 10515 | Lair:1   | Reached skill level 5 in Fighting
 11005 | Lair:1   | Reached XP level 11. HP: 64/64 MP: 12/20
 12034 | Lair:1   | Noticed an oklob plant
 12034 | Lair:1   | Noticed an oklob plant
 12183 | Lair:1   | Killed an oklob plant
 12183 | Lair:1   | Reached skill level 1 in Invocations
 12583 | Lair:1   | Killed an oklob plant
 13173 | Lair:2   | Reached skill level 10 in Dodging
 13179 | Lair:2   | Found a dark tunnel.
 13245 | Volcano  | Entered a volcano
 13287 | Lair:2   | Noticed a five-headed hydra
 13290 | Lair:2   | Killed a five-headed hydra
 13290 | Lair:2   | Reached skill level 11 in Fire Magic
 13523 | Lair:2   | Found a staircase to the Snake Pit.
 15039 | Lair:3   | Noticed a seven-headed hydra
 15246 | Lair:3   | Learned a level 1 spell: Animate Skeleton
 15392 | Lair:3   | Reached skill level 1 in Necromancy
 15569 | Lair:3   | Noticed a five-headed hydra
 15580 | Lair:3   | Reached XP level 12. HP: 70/70 MP: 3/21
 15841 | Lair:3   | Killed a five-headed hydra
 15841 | Lair:3   | Reached ***** piety under Sif Muna
 15841 | Lair:3   | Reached skill level 12 in Fire Magic
 16078 | Lair:3   | Found a staircase to the Shoals.
 16322 | Lair:4   | Noticed Kirke
 16432 | Lair:3   | Identified Sif Muna's Reference Book on Combat Magic (Sif
                  | Muna gifted it to you on level 3 of the Lair of Beasts)
 16432 | Lair:3   | Received a gift from Sif Muna
 16504 | Lair:3   | Learned a level 5 spell: Iskenderun's Battlesphere
 16519 | Lair:3   | Reached skill level 1 in Charms
 16519 | Lair:3   | Reached skill level 5 in Invocations
 16873 | Lair:4   | Noticed a sphinx
 16937 | Lair:4   | HP: 3/70 [hog[Kirke] (3)]
 16941 | Lair:4   | Killed Kirke
 16941 | Lair:4   | Reached skill level 5 in Necromancy
 17253 | Lair:3   | Upgraded the game from 0.24-a0-254-gf493760c10 to
                  | 0.24-a0-258-gb86c0f735e
 17317 | Lair:3   | Reached skill level 5 in Charms
 17678 | Lair:3   | Killed a seven-headed hydra
 17978 | Lair:4   | Noticed Nessos
 17995 | Lair:4   | Killed Nessos
 19127 | Lair:4   | Learned a level 1 spell: Pain
 19742 | Lair:5   | Noticed a catoblepas
 19970 | Lair:5   | Found a staircase to the Slime Pits.
 20341 | Lair:4   | Reached XP level 13. HP: 74/74 MP: 14/23
 21794 | Lair:6   | Entered Level 6 of the Lair of Beasts
 22363 | Lair:6   | Learned a level 4 spell: Animate Dead
 22450 | Lair:6   | Mangled by a komodo dragon

Levels and vault maps discovered:
D:1:      roderic_octagonal_star, layout_basic, nrook_mini_vaults
D:2:      layout_loops_cross, gammafunk_temple_overflow_wave, first_ration
D:3:      layout_rooms, cheibrodos_sewer_entry_sluice, dk_noncrumbling_4
D:4:      layout_basic, grunt_temple_overflow_holy_war,
          kennysheep_pointless_box, grunt_gozag_breadcrumbs
D:5:      layout_rooms, minivault_1, roderic_batcave, minmay_misc_feat_iff,
          lemuel_altar_in_water
D:6:      layout_cave_pools, slow_altar_1, gammafunk_ghost_split
D:7:      layout_loops_ring, minmay_temple_entry_butterflies,
          trog_three_pillars_becter
D:8:      layout_cave_pools, kiku_gazebo_garden_becter, david_lair_generic,
          special_room [special_room_orc], serial_shops, nicolae_shop_stone
Lair:1:   dpeg_oklob_gauntlet, layout_cave_pods, grunt_megastairs_1
Lair:2:   layout_regular_city, dummy_snake_entry,
          nicolae_volcano_entry_lava_flow
Lair:3:   layout_hall_layers, shoals_dummy_entry
Lair:4:   layout_gridlike, minivault_26, kennysheep_abandoned_house,
          uniq_nessos, uniq_kirke
Lair:5:   layout_cave_pods, nicolae_slime_entry_slimehenge, grunt_megastairs_2
Lair:6:   cheibrodos_lair_end_hotspot, layout_regular_city, serial_bayou_shore_b
Sewer:    sewer_fruit_machine
Volcano:  volcano_pools

Skill      XL: |  1  2  3  4  5  6  7  8  9 10 11 12 13 |
---------------+----------------------------------------+-----
Conjurations   | 2 3 4 5 6 8 10 | 10.0
Fire Magic     | 4 5 6 7 9 10 11 12 | 12.2
Spellcasting   | 4 5 6 |  6.9
Fighting       | 2 5 6 |  6.0
Dodging        | 4 8 11 | 11.0
Shields        | 1 3 4 |  4.0
Invocations    | 4 6 7 |  7.2
Necromancy     | 2 8 9 |  9.2
Charms         | 8 |  8.0
Stealth        | |  2.4

Action                   |  1- 3 |  4- 6 |  7- 9 | 10-12 | 13-15 || total
-------------------------+-------+-------+-------+-------+-------++-------
Melee: Short sword       |    14 |     3 |    88 |    47 |    43 ||   195
       Rapier            |       |    16 |       |       |       ||    16
       Dagger            |       |    40 |       |       |       ||    40
       Spear             |       |       |    12 |       |       ||    12
 Cast: Flame Tongue      |    50 |   105 |   202 |   118 |       ||   475
       Sticky Flame      |       |     4 |    13 |    89 |    20 ||   126
       Throw Flame       |       |     1 |    45 |   207 |    14 ||   267
       Conjure Flame     |       |       |     4 |       |       ||     4
       Fireball          |       |       |     3 |    37 |       ||    40
       Pain              |       |       |       |    22 |    11 ||    33
       Animate Skeleton  |       |       |       |     2 |       ||     2
       Iskenderun's Batt |       |       |       |     1 |       ||     1
       Animate Dead      |       |       |       |       |     2 ||     2
Invok: Forget Spell      |       |       |       |     2 |     1 ||     3
       Channel Magic     |       |       |       |     1 |       ||     1
       Divine Energy     |       |       |       |     1 |       ||     1
       Stop Divine Energ |       |       |       |     1 |       ||     1
Evoke: Wand              |       |       |       |       |     2 ||     2
       Fan of gales      |       |       |       |       |     1 ||     1
  Use: Scroll            |     8 |     8 |     5 |     7 |       ||    28
       Potion            |       |       |     3 |     2 |     3 ||     8
 Stab: Sleeping          |     1 |     1 |     3 |     1 |       ||     6
  Eat: Chunk             |     1 |     6 |    11 |    34 |     1 ||    53
       Ration            |       |     2 |     1 |     7 |     2 ||    12
Armor: Robe              |     9 |    21 |    56 |    33 |     9 ||   128
       Skin              |       |       |       |       |    50 ||    50
Dodge: Dodged            |    31 |    74 |   124 |   313 |    59 ||   601
Block: Buckler           |       |    11 |    18 |    85 |    26 ||   140

Table legend:
 A = Non-vault XP
 B = Vault XP
 C = Vault XP percentage of total XP
 D = Non-vault monster count
 E = Vault monster count
 F = Vault count percentage of total count
                 A         B        C        D         E       F
            +---------+---------+-------+---------+---------+-------
      Total |   33183 |   10028 |  23.2 |     273 |     107 |  28.2
            +---------+---------+-------+---------+---------+-------
        D:1 |      21 |       0 |   0.0 |      10 |       0 |   0.0
        D:2 |      40 |       0 |   0.0 |      21 |       0 |   0.0
        D:3 |     204 |       8 |   3.8 |      33 |       4 |  10.8
        D:4 |     178 |       0 |   0.0 |      11 |       0 |   0.0
        D:5 |     477 |      68 |  12.5 |      13 |      10 |  43.5
        D:6 |     867 |      18 |   2.0 |      25 |       1 |   3.8
        D:7 |     926 |       0 |   0.0 |      18 |       0 |   0.0
        D:8 |    3039 |    1650 |  35.2 |      32 |      31 |  49.2
     Lair:1 |    4522 |    1970 |  30.3 |      21 |       6 |  22.2
     Lair:2 |    5284 |       0 |   0.0 |      17 |       0 |   0.0
     Lair:3 |    8845 |       0 |   0.0 |      34 |       0 |   0.0
     Lair:4 |    2951 |    5110 |  63.4 |      16 |      24 |  60.0
     Lair:5 |    3637 |     587 |  13.9 |      13 |       8 |  38.1
     Lair:6 |    2192 |     552 |  20.1 |       9 |       4 |  30.8
      Sewer |       0 |      65 | 100.0 |       0 |      19 | 100.0
            +---------+---------+-------+---------+---------+-------
